Map: Kairos Junction LE

Players

Lambo - Winner!

  • Race: Zerg Zerg
  • League: Grandmaster
  • Spawn Location: 11:00

Krystianer

  • Race: Protoss Protoss
  • League: Grandmaster
  • Spawn Location: 5:00

VOD

Have the link to the VOD?

Description

Time

  • Played on: Dec. 28, 2018, 3:06 p.m.
  • Length: 12:31
Show
View Real Time Build Order
Export as new Build Order

Lambo Zerg - Winner!

Build Orders: Hatch First, Roach Hydra 

Get SALT Encoding   

  12  0:00  Drone  
  13  0:12  Overlord  
  13  0:16  Drone  
  14  0:30  Drone x2  
  16  0:48  Hatchery  
  15  0:50  Drone  
  15  0:55  Drone  
  17  0:58  Drone  
  18  1:09  Extractor  
  17  1:20  Spawning Pool, Drone x2  
  18  1:28  Drone  
  19  1:39  Drone  
  20  1:51  Overlord  
  20  2:06  Queen x2  
  20  2:07  Zergling x4  
  26  2:12  Metabolic Boost  
  26  2:13  Drone x2  
  28  2:23  Drone x2  
  30  2:37  Hatchery  
  30  2:38  Drone  
  30  2:41  Drone  
  31  2:45  Drone  
  31  2:49  Overlord  
  32  2:56  Queen  
  32  2:57  Zergling x2  
  35  2:59  Zergling x2  
  36  3:07  Drone  
  36  3:08  Drone  
  38  3:16  Drone x5  
  41  3:22  Drone  
  42  3:32  Drone x2  
  41  3:38  Spore Crawler, Drone  
  41  3:42  Drone  
  41  3:44  Drone  
  41  3:48  Drone  
  44  3:51  Queen  
  44  3:54  Drone  
  45  3:55  Drone  
  45  3:57  Drone  
  45  3:59  Drone  
  48  4:04  Drone  
  48  4:06  Drone  
  50  4:12  Overlord, Spore Crawler  
  50  4:13  Drone  
  50  4:14  Spore Crawler, Drone  
  49  4:18  Overlord  
  49  4:30  Drone x5  
  49  4:31  Drone x2  
  56  4:36  Queen, Overlord  
  58  4:43  Drone x3  
  58  4:44  Overlord  
  61  4:48  Roach Warren  
  61  4:50  Drone  
  61  4:52  Drone  
  62  4:54  Drone  
  62  4:55  Drone  
  62  4:56  Drone  
  62  4:57  Drone  
  63  5:00  Zergling x2  
  63  5:01  Zergling x2  
  63  5:03  Extractor  
  63  5:05  Extractor  
  63  5:06  Lair  
  63  5:07  Drone  
  63  5:08  Overlord  
  63  5:13  Drone x2  
  63  5:14  Drone x2  
  68  5:17  Drone  
  68  5:19  Evolution Chamber  
  68  5:21  Zergling x2  
  67  5:31  Drone x5  
  69  5:37  Roach  
  69  5:38  Roach x5  
  78  5:45  Roach x2  
  80  5:50  Roach  
  80  5:54  Roach  
  80  5:56  Drone x2  
  86  5:59  Overlord  
  86  6:03  Overlord  
  86  6:07  Drone x4  
  90  6:13  Overlord  
  90  6:17  Extractor, Zerg Missile Weapons Level 1  
  90  6:18  Glial Reconstitution, Drone x3  
  90  6:19  Drone  
  90  6:22  Overlord  
  91  6:26  Extractor  
  91  6:27  Extractor  
  91  6:28  Drone x3  
  91  6:29  Overseer  
  91  6:30  Drone x2  
  94  6:34  Hatchery, Drone x2  
  94  6:38  Hydralisk Den, Drone  
  95  6:40  Overlord  
  95  6:43  Drone  
  95  6:47  Drone x2  
  98  6:49  Drone x4  
  102  6:56  Overlord  
  102  7:04  Drone  
  102  7:05  Pneumatized Carapace  
  103  7:09  Muscular Augments, Hydralisk x4  
  103  7:13  Hydralisk x2  
  115  7:24  Hydralisk x3  
  117  7:32  Hydralisk x3  
  117  7:34  Overlord  
  117  7:35  Drone x6  
  117  7:36  Extractor  
  128  7:37  Extractor  
  127  7:45  Roach  
  127  7:50  Roach x3  
  135  7:53  Drone x6  
  141  7:58  Hydralisk  
  143  8:06  Overlord, Hatchery  
  143  8:08  Overlord  
  143  8:09  Roach  
  144  8:15  Overlord  
  144  8:23  Overlord  
  144  8:26  Roach x4  
  150  8:29  Roach x8  
  150  8:33  Roach x5  
  153  8:35  Hydralisk  
  144  8:42  Hydralisk x2  
  144  8:45  Hydralisk  
  142  8:49  Hydralisk  
  135  8:57  Hydralisk x3  
  131  9:03  Hydralisk  
  131  9:08  Hydralisk x4  
  131  9:09  Hydralisk  
  141  9:14  Lurker Den  
  141  9:15  Queen  
  142  9:20  Zerg Missile Weapons Level 2  
  142  9:27  Extractor  
  142  9:29  Hydralisk  
  142  9:30  Roach x3, Extractor  
  148  9:35  Drone x3  
  148  9:36  Queen, Drone x2  
  155  9:43  Roach x2  
  159  9:52  Grooved Spines  
  159  9:54  Overlord  
  159  9:57  Overlord  
  159  9:59  Overlord  
  159  10:03  Overlord  
  159  10:07  Overlord  
  159  10:09  Overlord  
  159  10:10  Overseer  
  159  10:12  Hydralisk x4  
  165  10:16  Hydralisk  
  165  10:17  Hydralisk x3  
  157  10:21  Hydralisk x3  
  157  10:23  Hydralisk x2  
  157  10:26  Roach x2  
  163  10:30  Roach x2  
  163  10:32  Roach  
  167  10:37  Roach x3  
  167  10:39  Roach  
  167  10:42  Roach  
  169  10:46  Roach x2  
  162  10:50  Hydralisk x2  
  162  10:51  Roach  
  162  10:54  Hydralisk  
  154  10:58  Hydralisk  
  154  10:59  Hydralisk  
  154  11:03  Hydralisk  
  152  11:06  Hydralisk  
  152  11:11  Hydralisk  
  135  11:15  Hydralisk  
  124  11:23  Hydralisk  
  102  11:33  Hydralisk x2  
  102  11:39  Hydralisk  
  97  11:47  Hydralisk x2  
  94  11:55  Hydralisk x3  
  98  12:03  Hydralisk  
Show
View Real Time Build Order
Export as new Build Order

Krystianer Protoss 

Build Orders: 1 Gate Expand, Oracle Opening, Archon Immortal, Archon Drop 

Get SALT Encoding   

  12  0:00  Probe  
  13  0:13  Probe  
  14  0:17  Pylon  
  14  0:23  Probe  
  15  0:31  Probe  
  15  0:38  Gateway  
  15  0:40  Probe  
  16  0:47  Assimilator  
  17  0:51  Probe  
  18  1:03  Probe  
  19  1:15  Probe  
  20  1:24  Nexus  
  20  1:34  Cybernetics Core  
  20  1:40  Assimilator  
  20  1:43  Probe  
  21  1:52  Pylon  
  21  1:55  Probe  
  22  2:01  Adept  
  22  2:07  Probe  
  25  2:17  Stargate  
  25  2:19  Probe, Adept  
  28  2:32  Warp Gate  
  28  2:33  Probe  
  28  2:34  Probe  
  30  2:42  Probe  
  30  2:45  Adept  
  30  2:49  Probe  
  30  2:50  Probe  
  34  2:53  Oracle  
  35  3:02  Probe  
  39  3:06  Probe  
  40  3:14  Probe  
  40  3:15  Shield Battery  
  40  3:18  Probe  
  42  3:26  Probe  
  43  3:30  Probe  
  42  3:37  Gateway  
  42  3:38  Probe, Pylon  
  42  3:39  Oracle  
  44  3:43  Probe  
  44  3:45  Assimilator  
  44  3:47  Assimilator  
  45  3:50  Probe  
  45  3:54  Probe  
  46  3:57  Robotics Facility  
  46  4:02  Probe  
  48  4:07  Probe  
  48  4:08  Twilight Council  
  49  4:12  Pylon  
  49  4:14  Probe  
  49  4:15  Probe  
  51  4:26  Probe  
  52  4:32  Gateway  
  52  4:34  Warp Prism  
  52  4:35  Gateway, Adept x2  
  58  4:47  Pylon  
  58  4:52  Templar Archives  
  56  5:01  Adept  
  56  5:02  Adept  
  60  5:12  Nexus  
  60  5:15  Pylon  
  60  5:26  Probe  
  60  5:27  Forge  
  61  5:35  Immortal  
  57  5:38  High Templar x4  
  57  5:39  Probe  
  66  5:46  Archon  
  66  5:47  Archon  
  66  5:48  Probe  
  67  5:54  Charge, Pylon  
  67  5:55  Shield Battery  
  67  5:57  Probe  
  67  6:02  Probe  
  69  6:05  Immortal  
  69  6:11  Adept  
  71  6:14  Zealot x3  
  71  6:15  Probe x2  
  71  6:18  Protoss Ground Weapons Level 1  
  82  6:20  Probe  
  82  6:23  Probe  
  84  6:27  Probe  
  84  6:29  Probe  
  86  6:35  Probe  
  86  6:36  Gateway  
  86  6:38  Gateway  
  86  6:39  Immortal  
  88  6:41  Pylon  
  88  6:42  Probe  
  90  6:50  Probe x2  
  95  7:00  Probe, Gateway  
  96  7:03  Gateway  
  96  7:04  Assimilator  
  96  7:07  High Templar x2, Assimilator  
  100  7:08  Immortal  
  100  7:10  Pylon  
  100  7:16  Probe  
  100  7:20  Pylon  
  105  7:28  High Templar x2  
  109  7:32  Probe  
  109  7:35  Pylon  
  109  7:37  Pylon  
  110  7:40  Archon x2  
  110  7:41  Zealot x3  
  116  7:45  Zealot  
  116  7:46  Protoss Ground Weapons Level 2  
  116  7:48  Pylon  
  118  8:04  Zealot x7  
  132  8:08  Zealot  
  125  8:20  Pylon  
  125  8:28  Zealot x8  
  109  8:46  Immortal  
  95  8:48  Zealot  
  95  8:49  Zealot x7  
  95  8:53  Probe  
  90  9:09  High Templar x4  
  88  9:10  High Templar x4  
  88  9:14  Archon x3  
  88  9:15  Archon, Pylon  
  88  9:16  Immortal  
  96  9:19  Robotics Facility  
  100  9:42  High Templar x2  
  100  9:43  Zealot x6  
  116  9:46  Archon  
  116  10:05  Zealot x4  
  116  10:06  Zealot x2  
  111  10:26  Zealot x6  
  111  10:27  Zealot  
  123  10:29  Nexus  
  105  10:46  High Templar x2  
  105  10:47  High Templar x4  
  105  10:48  Zealot x2  
  116  10:51  Archon x3  
  70  11:17  Zealot x2  
  65  11:21  Zealot x2  
  52  11:39  High Templar x4  
  58  11:43  Archon x2  
  45  12:09  Zealot x2  
  45  12:11  Zealot x2  
Tags
 
Add a new tag
Caveats
  • Supply blocks, unpowered buildings, or Contaminate may cause inaccurate times.
  • Supply counts are checked every 10 seconds.